[ AOE2 MATCH · #506274542 ]
UnrankedMongols vs Persians
Player's team · WIN
Rival team · LOSS
[ REPLAY ANALYSIS · EXTRACTED FROM THE RECORDED GAME ]
Feudal
10:12
Castle
—
Imperial
—
| APM avg | 48.6 |
| APM peak | 83 |
| eAPM avg | 17.2 |
| Villagers / military | 24 / 2 |
Focus
⚔️ 15.1% · 🌾 84.9%
Militia ×2
Feudal
—
Castle
—
Imperial
—
| APM avg | 45.7 |
| APM peak | 78 |
| eAPM avg | 13.5 |
| Villagers / military | 32 / 0 |
Focus
⚔️ 26.7% · 🌾 73.3%
Match map
Initial resources + every placement click. Lines = walls · curves = elevation contours. ◆ gold · ⬟ stone · ● berries · ✦ relic · ◌ wall gap
Your base
Jas's base
Smoothed initial terrain · ◌ = detected wall gap · hover for details
Inputs per minute
— Otide - - Jas
Build order — Otide
40 actions detected in the replay
| 0:01 | Queue | Villager (Male) |
| 0:01 | Queue | Villager (Male) |
| 0:01 | Queue | Villager (Male) |
| 0:02 | Queue | Villager (Male) |
| 0:03 | Build | House |
| 0:05 | Build | House |
| 1:25 | Queue | Villager (Male) |
| 1:25 | Queue | Villager (Male) |
| 1:51 | Build | Lumber Camp |
| 2:10 | Queue | Villager (Male) |
| 2:17 | Queue | Villager (Male) |
| 3:10 | Queue | Villager (Male) |
| 3:10 | Queue | Villager (Male) |
| 3:40 | Build | House |
| 3:47 | Build | House |
| 4:17 | Queue | Villager (Male) |
| 4:17 | Queue | Villager (Male) |
| 4:35 | Build | Mill |
| 4:56 | Queue | Villager (Male) |
| 5:13 | Queue | Villager (Male) |
| 5:13 | Queue | Villager (Male) |
| 5:32 | Queue | Villager (Male) |
| 5:48 | Queue | Villager (Male) |
| 6:27 | Build | Barracks |
| 7:06 | Build | Farm |
| 7:11 | Queue | Villager (Male) |
| 7:14 | Research | Loom |
| 7:34 | Build | House |
| 7:36 | Build | House |
| 7:40 | Research | Feudal Age |
| 8:18 | Queue | Villager (Male) |
| 8:18 | Queue | Villager (Male) |
| 8:27 | Build | Lumber Camp |
| 9:20 | Queue | Militia |
| 9:20 | Queue | Militia |
| 9:48 | Queue | Villager (Male) |
| 9:48 | Queue | Villager (Male) |
| 10:02 | Queue | Villager (Male) |
| 10:02 | Queue | Villager (Male) |
| 10:12 | Age | Feudal Age |
Build order — Jas
42 actions detected in the replay
| 0:00 | Queue | Villager (Male) |
| 0:01 | Queue | Villager (Male) |
| 0:02 | Build | House |
| 0:03 | Build | House |
| 0:10 | Queue | Villager (Male) |
| 0:11 | Queue | Villager (Male) |
| 0:27 | Queue | Villager (Male) |
| 1:24 | Queue | Villager (Male) |
| 1:24 | Queue | Villager (Male) |
| 1:41 | Queue | Villager (Male) |
| 1:45 | Build | Lumber Camp |
| 2:21 | Queue | Villager (Male) |
| 2:43 | Queue | Villager (Male) |
| 2:44 | Queue | Villager (Male) |
| 3:15 | Queue | Villager (Male) |
| 3:24 | Queue | Villager (Male) |
| 3:46 | Queue | Villager (Male) |
| 3:46 | Queue | Villager (Male) |
| 3:52 | Build | House |
| 4:04 | Queue | Villager (Male) |
| 4:04 | Queue | Villager (Male) |
| 4:26 | Build | Mill |
| 4:36 | Queue | Villager (Male) |
| 4:46 | Queue | Villager (Male) |
| 4:46 | Queue | Villager (Male) |
| 5:09 | Queue | Villager (Male) |
| 5:25 | Build | House |
| 6:00 | Queue | Villager (Male) |
| 6:01 | Queue | Villager (Male) |
| 6:01 | Queue | Villager (Male) |
| 6:04 | Research | Loom |
| 6:05 | Queue | Villager (Male) ×3 |
| 7:17 | Queue | Villager (Male) |
| 7:18 | Queue | Villager (Male) |
| 7:41 | Build | House |
| 8:19 | Queue | Villager (Male) |
| 8:19 | Queue | Villager (Male) |
| 8:29 | Queue | Villager (Male) |
| 9:12 | Build | Town Center |
| 9:28 | Build | Palisade Wall |
| 9:40 | Build | Palisade Wall |
| 9:42 | Build | Palisade Wall |
Match timeline
| 6:27 | Otide · first_building Barracks |
| 9:28 | Jas · wall_segment Palisade Wall x1 |
| 9:40 | Jas · wall_segment Palisade Wall x1 |
| 9:42 | Jas · wall_segment Palisade Wall x1 |
| 10:12 | Otide · age_up feudal |
| 10:12 | Jas · resign |
[ AI ANALYSIS · 1 CREDIT ]
What really happened in this match?
Wolo.gg analyzes every decision: build order, eco, micro, common mistakes by bracket. Personalized analysis on WhatsApp or Discord in 30 seconds.
Civ guide
Mongols
Perfil
Jugador #16686330